 Dungeon Crawl Stone Soup version 0.19-a0-1675-gc11f27c (webtiles) character file.

227 Amciq the Shield-Bearer (level 5, -2/48 HPs)
             Began as a Minotaur Fighter on Sept 23, 2016.
             Slain by an ogre
             ... wielding a +0 giant spiked club
              (19 damage)
             ... on level 4 of the Dungeon.
             The game lasted 00:08:27 (3104 turns).

Amciq the Shield-Bearer (Minotaur Fighter)          Turns: 3104, Time: 00:08:27

Health: -2/48      AC:  7    Str: 22    XL:     5   Next: 70%
Magic:  4/4        EV:  8    Int:  5    God:
Gold:   166        SH: 10    Dex:  9    Spells: 0 memorised, 4 levels left

rFire  . . .     SeeInvis .     i - +0 whip
rCold  . . .     Gourm    .     b - +0 scale mail
rNeg   . . .     Faith    .     c - +0 shield
rPois  .         Spirit   .     (helmet restricted)
rElec  .         Dismiss  .     (no cloak)
rCorr  .         Reflect  .     (no gloves)
MR     .....     Harm     .     (no boots)
Stlth  .......... Rnd*Rage +    (no amulet)
                                (no ring)
                                (no ring)

@: no status effects
A: retaliatory headbutt, horns 2, berserk 1, clumsy 1, strong 1
a: no special abilities


You were on level 4 of the Dungeon.
You were not hungry.

You visited 1 branch of the dungeon, and saw 4 of its levels.

You collected 166 gold pieces.

Inventory:

Hand Weapons
 i - a +0 whip (weapon)
Missiles
 k - 2 tomahawks (quivered)
Armour
 b - a +0 scale mail (worn)
 c - a +0 shield (worn)
Wands
 e - a wand of random effects (26/48)
Scrolls
 a - a scroll of enchant armour {unknown}
 d - a scroll of random uselessness {unknown}
 g - 2 scrolls of recharging
 h - a scroll of teleportation
 j - a scroll of fog
Potions
 l - a potion of might
Comestibles
 f - 3 bread rations
 q - 2 chunks of flesh


   Skills:
 * Level 5.0 Fighting
 * Level 3.7 Maces & Flails
 * Level 4.8 Armour
 + Level 1.4 Dodging
 * Level 5.0 Shields


You had 4 spell levels left.
You didn't know any spells.

Dungeon Overview and Level Annotations

Branches:
Dungeon (4/15)
 Temple: D:4-7

Altars:
Elyvilon
Okawaru


Innate Abilities, Weirdness & Mutations

You reflexively headbutt those who attack you in melee.
You have a pair of horns on your head.
You tend to lose your temper in combat.
You are clumsy. (Dex -2)
Your muscles are strong. (Str +2)


Message History

You start resting.
HP restored.
You climb downwards.
The ogre hits you with a giant spiked club!
There is a stone staircase leading up, spattered with blood here.
You hit the ogre.
The ogre is lightly wounded.
The ogre barely misses you.
You hit the ogre but do no damage.
The ogre is lightly wounded.
You block the ogre's attack.
You hit the ogre. Your headbutt misses the ogre.
The ogre is moderately wounded.
You hit the ogre. You headbutt the ogre!
The ogre is almost dead.
The ogre hits you with a giant spiked club!!
You hit the ogre but do no damage.
The ogre is almost dead.
The ogre hits you with a giant spiked club!!
You die...

.. .. ..
#.##.##.# #
#.......###.
#...?......
#......>.#
#........#
#...O....##..
#....@.......
#..##########
#


You could see an ogre.

Vanquished Creatures
  A hound (D:3)
  Terence (D:2)
  A gnoll (D:3)
  6 adders
  An ooze (D:2)
  A worm (D:3)
  2 dart slugs
  3 leopard geckos
  8 orcs (D:3)
  4 giant cockroaches
  12 goblins
  10 hobgoblins
  9 kobolds
  2 quokkas (D:3)
  A ball python (D:2)
  9 bats
  13 frilled lizards
  3 rats
87 creatures vanquished.

Notes
Turn   | Place    | Note
-------+----------+-------------------------------------------
     0 | D:1      | Amciq the Minotaur Fighter began the quest for the Orb.
     0 | D:1      | Reached XP level 1. HP: 19/19 MP: 0/0
   189 | D:1      | Reached XP level 2. HP: 27/27 MP: 1/1
   919 | D:2      | Reached XP level 3. HP: 33/33 MP: 2/2
   961 | D:2      | Found a white marble altar of Elyvilon.
  1053 | D:2      | Noticed Terence
  1094 | D:2      | Killed Terence
  1094 | D:2      | Reached XP level 4. HP: 9/41 MP: 3/3
  1900 | D:3      | Reached skill level 1 in Dodging
  1904 | D:3      | Reached XP level 5. HP: 31/47 MP: 4/4
  1916 | D:3      | Gained mutation: Your muscles are strong. (Str +2) [potion of mutation]
  1916 | D:3      | Gained mutation: You are clumsy. (Dex -2) [potion of mutation]
  1916 | D:3      | Gained mutation: You tend to lose your temper in combat. [potion of mutation]
  2755 | D:3      | Found an iron altar of Okawaru.
  2775 | D:3      | Reached skill level 5 in Shields
  2891 | D:4      | Noticed an ogre
  2928 | D:3      | Reached skill level 5 in Fighting
  3104 | D:4      | Slain by an ogre

Vault maps used:
D:1:      minmay_arrival_up_and_down, corexii_item_surrounded_by_moat,
          minmay_lizard_king
D:2:      lemuel_crystal_altar, columned_hall_lemuel, uniq_terence
D:3:      okawaru_altar_gauntlet_db
D:4:      kennysheep_little_box, lemuel_coloured_pillars_altar, first_bread

Skill      XL: |  1  2  3  4  5 |
---------------+----------------+-----
Fighting       | 4 5 |  5.0
Shields        | 4 5 |  5.0
Armour         | 4 |  4.8
Maces & Flails | 3 |  3.7
Dodging        | 1 |  1.4

Action                   |  1- 3 |  4- 6 || total
-------------------------+-------+-------++-------
Melee: Flail             |    73 |       ||    73
       Headbutt          |    17 |    25 ||    42
       Whip              |    67 |   195 ||   262
Throw: Tomahawk          |       |     1 ||     1
  Use: Potion            |     1 |     4 ||     5
       Scroll            |       |     7 ||     7
  Eat: Chunk             |     1 |     7 ||     8
Armor: Scale mail        |    47 |    65 ||   112
       Skin              |       |    14 ||    14
Dodge: Dodged            |    32 |    61 ||    93
Block: Shield            |    70 |    88 ||   158
